 Dungeon Sprint DCSS version 0.29-a0-392-g297d3b089c (webtiles) character file.

Game seed: 15642132851521217366

17318 mhtbhm the Eviscerator (level 12, -18/61 HPs)
             Began as a Felid Berserker on May 8, 2022.
             Was the Champion of Trog.
             Demolished by Mennas
             ... wielding a +0 trishula of holy wrath
              (23 damage)
             ... in the Dungeon (Sprint IX: "|||||||||||||||||||||||||||||").
             The game lasted 00:10:07 (4677 turns).

mhtbhm the Eviscerator (Felid Berserker)            Turns: 4677, Time: 00:10:08

Health: -18/61     AC:  7    Str: 23    XL:     12   Next: 17%
Magic:  13/13      EV: 31    Int: 10    God:    Trog [******]
Gold:   1143       SH:  0    Dex: 15    Spells: 11/11 levels left
                                        Lives:  0   Deaths: 2

rFire   . . .      SeeInvis +     - Unarmed
rCold   + . .      Faith    .   (shield unavailable)
rNeg    . . .      Spirit   .   (body armour unavailable)
rPois   .          Reflect  .   (helmet unavailable)
rElec   .          Harm     .   (cloak unavailable)
rCorr   .          Rampage  .   (gloves unavailable)
Will    +....      NoTele   +   (boots unavailable)
Stlth   +++.......              x - amulet of regeneration
HPRegen 1.00/turn               y - +6 ring of strength
MPRegen 0.13/turn               i - +4 ring of protection

@: glowing, quick
A: very small, claws 1, fangs 3, see invisible, speed 1, shaggy fur 3, stealthy
paws, no weapons or thrown items, no armour, multi-lived
a: Renounce Religion, Berserk, Trog's Hand, Brothers in Arms


You were in the Dungeon.
You worshipped Trog.
Trog was exalted by your worship.
You visited 1 branch You collected 1949 gold pieces.
You spent 806 gold pieces at shops.

Inventory:

Jewellery
 i - a +4 ring of protection (right paw)
 j - a +2 ring of protection
 s - a ring of ice
 t - a +4 ring of evasion
 u - a ring of willpower
 v - a ring of protection from fire
 x - an amulet of regeneration (around neck)
 y - a +6 ring of strength (left paw)
Wands
 h - a wand of iceblast (4)
Scrolls
 f - 2 scrolls of blinking
 l - 2 scrolls of fog
 m - a scroll of fear
 p - 8 scrolls of identify
 q - a scroll of poison
Potions
 a - 3 potions of invisibility
 b - 15 potions of heal wounds
 c - 3 potions of haste
 d - 4 potions of magic
 e - 3 potions of berserk rage
 g - 4 potions of curing
 o - a potion of might
Miscellaneous
 k - a lightning rod (4/4)


   Skills:
 + Level 12.6 Fighting
 + Level 21.2 Dodging
 + Level 15.0 Stealth
 + Level 26.6 Unarmed Combat
 + Level 13.6 Evocations


You had 11 spell levels left.
You didn't know any spells.
Your spell library was empty.

Dungeon Overview and Level Annotations

Branches:
Dungeon (1/1)

Altars:
Cheibriados
Dithmenos
Elyvilon
Fedhas
Gozag
Hepliaklqana
Kikubaaqudgha
Makhleb
Nemelex Xobeh
Okawaru
Qazlal
Ru
Sif Muna
Trog
Uskayaw
Vehumet
Wu Jian
Xom
Yredelemnul
Zin
The Shining One
Beogh
Jiyva
Lugonu

Shops:
D [(?

Annotations:
D Mennas


Innate Abilities, Weirdness & Mutations

You have sharp claws.
You have razor-sharp teeth.
You have supernaturally acute eyesight. (SInv)
You cover ground quickly. (Speed+)
Your thick and shaggy fur keeps you warm. (AC +3, rC+)
Your paws help you pounce on unaware monsters.
You are incapable of wielding weapons or throwing items.
You cannot wear armour.
You gain extra lives every three experience levels.


Message History

Things that are here:
a +4 demon blade of venom; a +0 robe; a potion of brilliance You feel a strong urge to attack something.
You are no longer berserk.
You are exhausted.
You feel yourself slow down.
You feel sick.
You feel sick.
Things that are here:
a +4 demon blade of venom; a +0 robe; a potion of brilliance You start resting.
You feel sick. x3
You are no longer poisoned.
You start resting.
You feel yourself speed up.
You start resting.
You recover from your berserk rage.
You start resting.
HP restored.
Frances, Duchess of Pandemonium comes into view.
She is wielding a +4 battleaxe of draining.
You pounce on the unaware helpless Frances!
You eviscerate Frances!!!!!!!
You kill Frances!
Trog accepts your kill.
Trog appreciates your killing of a magic user.
Your Stealth skill increases to level 15!
Things that are here:
a +4 battleaxe of draining; a +0 chain mail; the human corpse of Frances Mennas, the Voice of Zin comes into view.
He is wielding a +0 trishula of holy wrath.
Mennas hits you from afar with a +0 trishula of holy wrath!!
Mennas completely misses you. Mennas closely misses you. Mennas misses you.
You scratch Mennas but do no damage. Your claw misses Mennas.
Your bite misses Mennas.
Mennas hits you with a +0 trishula of holy wrath!!
Ouch! That really hurt!
* * * LOW HITPOINT WARNING * * *
Mennas completely misses you. Mennas blocks your attack.
Your claw misses Mennas. Mennas barely misses you. x2
You completely miss Mennas.
Mennas hits you with a +0 trishula of holy wrath!!
You die...

.▓
▓.▓[▓)▓
▓.▓ .♣
▓.▓[▓.♣
♣.▓ .♣
▓.▓[▓.♣
♣.▓ .♣
▓.▓.▓.♣
♣.▓ .♣
▓.▓.▓.♣
♣.▓ .♣
▓.▓.▓.♣
♣.▓ .♣
▓.▓.▓.♣
♣.▓ .♣
▓.▓.▓.♣
♣.▓ .♣
▓.▓!▓.♣
♣@▓ .♣
▓.▓.▓.♣
♣A▓ .♣
▓.▓.▓.♣
♣.▓ .▓
▓.▓.▓.♣
♣.▓ .▓
▓.▓.▓.♣
♣.▓ .▓
▓.▓.▓.♣
♣.▓ .▓
▓.▓.▓.♣
♣.▓ .▓
▓.▓?▓.▓
▓.▓ .▓
▓.▓?▓.▓


You could see Mennas.

Vanquished Creatures
  Mara (D)
  Xtahua (D)
  Frances (D)
  2 tengu reavers (D)
  Kirke (D)
  A nagaraja (D)
  Aizul (D)
  2 ironbound preservers (D)
  2 stone giants (D)
  An entropy weaver (D)
  Josephine (D)
  An ice dragon (D)
  2 hydras (D)
  An ironbound frostheart (D)
  A boulder beetle (D)
  2 naga warriors (D)
  A centaur warrior (D)
  2 deep troll shamans (D)
  A death yak (D)
  A shock serpent (D)
  7 orc knights (D)
  2 cyclopes (D)
  2 ugly things (D)
  A guardian serpent (D)
  A naga mage (D)
  A black mamba (D)
  Psyche (D)
  2 cane toads (D)
  3 komodo dragons (D)
  An unseen horror (D)
  A troll (D)
  A blink frog (D)
  Eustachio (D)
  2 yaks (D)
  4 wraiths (D)
  A wyvern (D)
  2 hogs (D)
  2 basilisks (D)
  A steam dragon (D)
  2 vampire mosquitoes (D)
  A naga (D)
  5 water moccasins (D)
  A hell hound (D)
  17 orc warriors (D)
  8 wolves (D)
  A centaur (D)
  A gnoll sergeant (D)
  A scorpion (D)
  A killer bee (D)
  A jelly (D)
  3 orc priests (D)
  5 orc wizards (D)
  A hell rat (D)
  A gnoll (D)
  An ufetubus (D)
  7 orcs (D)
  A ball python (D)
  An endoplasm (D)
  A goblin (D)
  A quokka (D)
  A rat (D)
124 creatures vanquished.

Vanquished Creatures (collateral kills)
  Frederick (D)
  2 orc knights (D)
  An orc warrior (D)
4 creatures vanquished.

Vanquished Creatures (others)
  3 humans (D)
3 creatures vanquished.

Grand Total: 131 creatures vanquished

Notes
Turn   | Place    | Note
-------+----------+-------------------------------------------
     0 | D        | mhtbhm the Felid Berserker began the quest for the Orb.
     0 | D        | Reached XP level 1. HP: 10/10 MP: 2/2
     6 | D        | Banished a spatial maelstrom
    12 | D        | Reached ** piety under Trog
   106 | D        | Noticed a jelly
   106 | D        | Noticed a scorpion
   109 | D        | Reached XP level 2. HP: 15/15 MP: 3/3
   111 | D        | Reached skill level 4 in Unarmed Combat
   111 | D        | Reached XP level 3. HP: 16/18 MP: 4/4
   114 | D        | Killed a scorpion
   114 | D        | Reached *** piety under Trog
   115 | D        | Reached skill level 5 in Fighting
   115 | D        | Reached skill level 1 in Stealth
   115 | D        | Reached skill level 6 in Unarmed Combat
   115 | D        | Reached XP level 4. HP: 12/24 MP: 5/5
   134 | D        | Found a snail-covered altar of Cheibriados.
   134 | D        | Found a shadowy altar of Dithmenos.
   134 | D        | Found a white marble altar of Elyvilon.
   134 | D        | Found a blossoming altar of Fedhas.
   134 | D        | Found an opulent altar of Gozag.
   135 | D        | Found a hazy altar of Hepliaklqana.
   136 | D        | Found a viscous altar of Jiyva.
   137 | D        | Found an ancient bone altar of Kikubaaqudgha.
   138 | D        | Found a corrupted altar of Lugonu.
   139 | D        | Found a burning altar of Makhleb.
   140 | D        | Found a sparkling altar of Nemelex Xobeh.
   141 | D        | Found an iron altar of Okawaru.
   142 | D        | Found a stormy altar of Qazlal.
   143 | D        | Found a sacrificial altar of Ru.
   144 | D        | Found a shimmering blue altar of Sif Muna.
   145 | D        | Found a bloodstained altar of Trog.
   146 | D        | Found a hide-covered altar of Uskayaw.
   147 | D        | Found a radiant altar of Vehumet.
   148 | D        | Found an ornate altar of the Wu Jian Council.
   149 | D        | Found a shimmering altar of Xom.
   150 | D        | Found a basalt altar of Yredelemnul.
   151 | D        | Found a glowing silver altar of Zin.
   152 | D        | Found a glowing golden altar of the Shining One.
   246 | D        | Noticed a steam dragon
   246 | D        | Noticed a centaur
   246 | D        | Noticed a gnoll sergeant
   246 | D        | Noticed an unseen horror
   252 | D        | Killed a steam dragon
   253 | D        | Reached skill level 8 in Unarmed Combat
   253 | D        | Reached XP level 5. HP: 28/28 MP: 6/6
   256 | D        | Killed a centaur
   256 | D        | Reached **** piety under Trog
   257 | D        | Reached skill level 10 in Dodging
   257 | D        | Reached skill level 9 in Unarmed Combat
   257 | D        | Gained mutation: You are covered in thick fur. (AC +2)
                  | [Felid growth]
   257 | D        | Reached XP level 6. HP: 33/33 MP: 7/7
   275 | D        | Killed an unseen horror
   276 | D        | Reached skill level 11 in Unarmed Combat
   276 | D        | Reached XP level 7. HP: 37/37 MP: 8/8
   345 | D        | Noticed a centaur warrior
   345 | D        | Noticed a four-headed hydra
   345 | D        | Noticed a troll
   345 | D        | Noticed a basilisk
   345 | D        | Noticed a vampire mosquito
   352 | D        | Killed a centaur warrior
   352 | D        | Reached ***** piety under Trog
   353 | D        | Reached skill level 12 in Unarmed Combat
   353 | D        | Reached skill level 1 in Evocations
   353 | D        | Reached XP level 8. HP: 43/43 MP: 9/9
   356 | D        | Killed a four-headed hydra
   357 | D        | Reached skill level 10 in Fighting
   357 | D        | Reached skill level 13 in Unarmed Combat
   362 | D        | Killed a troll
   363 | D        | Reached skill level 14 in Unarmed Combat
   363 | D        | Reached XP level 9. HP: 34/47 MP: 10/10
   557 | D        | Noticed a cane toad
   557 | D        | Noticed a komodo dragon
   557 | D        | Noticed a cane toad
   560 | D        | Reached skill level 15 in Dodging
   560 | D        | Killed a cane toad
   560 | D        | Reached ****** piety under Trog
   560 | D        | Killed a komodo dragon
   561 | D        | Reached skill level 15 in Unarmed Combat
   566 | D        | Killed a cane toad
   567 | D        | Reached skill level 16 in Unarmed Combat
   577 | D        | Reached XP level 10. HP: 50/52 MP: 11/11
   691 | D        | Reached skill level 5 in Stealth
   691 | D        | Noticed a death yak
   708 | D        | Reached skill level 17 in Unarmed Combat
   714 | D        | Killed a death yak
   794 | D        | Reached skill level 5 in Evocations
   846 | D        | Reached skill level 18 in Unarmed Combat
  1110 | D        | Noticed an orc knight
  1110 | D        | Noticed an orc knight
  1119 | D        | Killed an orc knight
  1123 | D        | Killed an orc knight
  1131 | D        | Reached XP level 11. HP: 55/55 MP: 12/12
  1139 | D        | Reached skill level 19 in Unarmed Combat
  1393 | D        | Found Leufroon's Distillery.
  1393 | D        | Noticed an orc knight
  1393 | D        | Noticed an orc knight
  1395 | D        | Noticed an orc knight
  1397 | D        | Killed an orc knight
  1400 | D        | Killed an orc knight
  1402 | D        | Found Naetex's Armour Shoppe.
  1407 | D        | Killed an orc knight
  1408 | D        | Noticed an orc knight
  1409 | D        | Found Ryqyn's Weapon Emporium.
  1419 | D        | Killed an orc knight
  1427 | D        | Noticed an orc knight
  1432 | D        | Killed an orc knight
  1433 | D        | Reached skill level 20 in Unarmed Combat
  1480 | D        | Reached skill level 10 in Evocations
  1579 | D        | Found Ozetzuy's Magic Scroll Shoppe.
  1584 | D        | Noticed an orc knight
  1591 | D        | Killed an orc knight
  1709 | D        | Bought a potion of invisibility for 88 gold pieces
  1709 | D        | Bought a potion of haste for 110 gold pieces
  1709 | D        | Bought a potion of might for 44 gold pieces
  1709 | D        | Bought a potion of heal wounds for 55 gold pieces
  1709 | D        | Bought a potion of berserk rage for 55 gold pieces
  1709 | D        | Bought a potion of haste for 110 gold pieces
  1715 | D        | Bought a scroll of identify for 26 gold pieces
  1715 | D        | Bought a scroll of identify for 26 gold pieces
  1715 | D        | Bought 2 scrolls of blinking for 195 gold pieces
  1715 | D        | Bought a scroll of identify for 26 gold pieces
  1715 | D        | Bought a scroll of identify for 26 gold pieces
  1715 | D        | Bought a scroll of poison for 45 gold pieces
  1880 | D        | Noticed Josephine
  1891 | D        | Killed Josephine
  2173 | D        | Noticed Eustachio
  2183 | D        | Killed Eustachio
  2185 | D        | Noticed Psyche
  2192 | D        | Killed Psyche
  2276 | D        | Noticed an orc knight
  2276 | D        | Noticed a red ugly thing
  2276 | D        | Noticed a five-headed hydra
  2276 | D        | Noticed a red ugly thing
  2276 | D        | Noticed a boulder beetle
  2279 | D        | Killed a red ugly thing
  2280 | D        | Killed an orc knight
  2280 | D        | Killed a red ugly thing
  2280 | D        | Killed a five-headed hydra
  2281 | D        | Reached skill level 10 in Stealth
  2281 | D        | Reached skill level 21 in Unarmed Combat
  2281 | D        | Gained mutation: Your thick and shaggy fur keeps you warm.
                  | (AC +3, rC+) [Felid growth]
  2281 | D        | Reached XP level 12. HP: 60/60 MP: 13/13
  2283 | D        | Noticed a stone giant
  2293 | D        | Killed a stone giant
  2395 | D        | Noticed a deep troll shaman
  2408 | D        | Killed a boulder beetle
  2415 | D        | Killed a deep troll shaman
  2416 | D        | Reached skill level 22 in Unarmed Combat
  2544 | D        | Noticed a stone giant
  2551 | D        | Killed a stone giant
  2554 | D        | Noticed a tengu reaver
  2635 | D        | Killed a tengu reaver
  2802 | D        | Noticed a deep troll shaman
  2803 | D        | Noticed an ice dragon
  2804 | D        | Noticed a tengu reaver
  2809 | D        | Killed a deep troll shaman
  2817 | D        | Killed an ice dragon
  2822 | D        | Killed a tengu reaver
  3022 | D        | Noticed Aizul
  3036 | D        | Killed Aizul
  3037 | D        | Reached skill level 23 in Unarmed Combat
  3297 | D        | Noticed Kirke
  3316 | D        | Killed Kirke
  3381 | D        | Noticed a naga warrior
  3382 | D        | Noticed an anaconda
  3397 | D        | Killed a naga warrior
  3406 | D        | Shot with an arrow by a naga sharpshooter
  3407 | D        | Reached XP level 11. HP: -16/57 MP: 12/12
  3596 | D        | Noticed a wizard
  3596 | D        | Noticed a wizard
  3596 | D        | Noticed an ironbound preserver
  3596 | D        | Noticed an ironbound frostheart
  3596 | D        | Noticed an ironbound convoker
  3596 | D        | Noticed an ironbound preserver
  3605 | D        | Killed an ironbound preserver
  3606 | D        | Reached skill level 24 in Unarmed Combat
  3606 | D        | Reached XP level 12. HP: 47/61 MP: 13/13
  3606 | D        | Noticed an entropy weaver
  3609 | D        | Killed an ironbound preserver
  3612 | D        | Killed an ironbound frostheart
  3917 | D        | Found the +15 Maxwell's patent armour {-Cast -Tele rElec
                  | Will+ rCorr}
  4071 | D        | Killed an entropy weaver
  4219 | D        | Noticed Frederick
  4234 | D        | Killed Frederick
  4352 | D        | Noticed Xtahua
  4360 | D        | HP: 1/61 [Xtahua (7)]
  4378 | D        | Killed Xtahua
  4379 | D        | Reached skill level 25 in Unarmed Combat
  4546 | D        | Noticed a naga warrior
  4546 | D        | Noticed a nagaraja
  4546 | D        | Noticed a naga warrior
  4547 | D        | Noticed a nagaraja
  4549 | D        | Noticed a nagaraja
  4558 | D        | Killed a naga warrior
  4559 | D        | Noticed a nagaraja
  4561 | D        | Killed a nagaraja
  4563 | D        | Killed from afar by a nagaraja
  4564 | D        | Reached XP level 11. HP: -23/57 MP: 12/12
  4578 | D        | Noticed Mara
  4596 | D        | Killed Mara
  4597 | D        | Reached skill level 26 in Unarmed Combat
  4597 | D        | Reached XP level 12. HP: 18/61 MP: 13/13
  4646 | D        | Noticed Frances
  4653 | D        | Killed Frances
  4654 | D        | Reached skill level 15 in Stealth
  4670 | D        | Noticed Mennas
  4677 | D        | Demolished by Mennas

Illustrated notes

Levels and vault maps discovered:
D:        linesprint [early_d, line_temple, items_1, d_10, items_2, lair_1,
          lair_end, items_3, orc_1, orc_end, items_4, d_15, swamp_1, shoals_1,
          snake_1, spider_1, d_20, vaults_1, items_5, swamp_end, shoals_end,
          snake_end, spider_end, vaults_end, d_27, items_6, zot_1, zot_end,
          crypt_end, forest_end, elf_end, slime_end, tomb_end, abyss_end,
          pan_hell_end]

Skill      XL: |  1  2  3  4  5  6  7  8  9 10 11 12 |
---------------+-------------------------------------+-----
Fighting       | 4 5 7 8 9 10 11 12 | 12.6
Dodging        | 6 7 9 10 11 13 14 16 17 21 20 | 21.2
Unarmed Combat | 4 6 8 9 11 12 14 16 18 26 25 | 26.6
Stealth        | 1 2 3 4 6 10 15 | 15.0
Evocations     | 1 3 6 11 13 | 13.6

Action                   |  1- 3 |  4- 6 |  7- 9 | 10-12 || total
-------------------------+-------+-------+-------+-------++-------
Melee: Unarmed           |    19 |    23 |    34 |   248 ||   324
       Bite              |       |     3 |     5 |    28 ||    36
       Punch             |       |     3 |     1 |    34 ||    38
Invok: Berserk           |     2 |     1 |     1 |    14 ||    18
       Brothers in Arms  |       |       |       |     3 ||     3
       Trog's Hand       |       |       |       |     1 ||     1
Evoke: Wand              |       |     2 |       |     4 ||     6
       Lightning rod     |       |       |     6 |    34 ||    40
  Use: Potion            |       |     4 |       |     8 ||    12
       Scroll            |       |     1 |       |     4 ||     5
 Stab: Sleeping          |       |       |       |     7 ||     7
       Distracted        |       |       |       |     1 ||     1
Armor: Skin              |       |     3 |     3 |     4 ||    10
Dodge: Dodged            |     8 |    28 |    35 |   149 ||   220

Table legend: (Time is in decaauts)
 A = Elapsed time spent in this place.
 B = Non-inter-level travel time spent in this place.
 C = Inter-level travel time spent in this place.
 D = Time resting spent in this place.
 E = Time spent auto-exploring this place.
 F = Levels seen in this place.
 G = Mean time per level.
                   A        B        C        D        E       F      G
               +--------+--------+--------+--------+--------+-----+--------+
         Total |   4407 |   4407 |      0 |   2760 |    344 |   1 | 4407.0 |
       Dungeon |   4407 |   4407 |      0 |   2760 |    344 |   1 | 4407.0 |
               +--------+--------+--------+--------+--------+-----+--------+

Top non-repeatable levels by time:
       D: 4407 daAuts
